 Dungeon Crawl Stone Soup version 0.21-a0-404-g291f19a (webtiles) character file.

66 Klosterheim the Magician (level 3, -1/24 HPs)
             Began as a Mummy Wizard on Oct 28, 2017.
             Slain by a worm (6 damage)
             ... on level 2 of the Dungeon.
             The game lasted 00:05:15 (26468 turns).

Klosterheim the Magician (Mummy Wizard)            Turns: 26468, Time: 00:05:16

Health: -1/24      AC:  5    Str: 10    XL:     3   Next: 96%
Magic:  3/9        EV: 12    Int: 18    God:
Gold:   116        SH:  0    Dex: 10    Spells: 10/11 levels left

rFire    x . .     SeeInvis .   (no weapon)
rCold    + . .     Gourm    .   (no shield)
rNeg     + + +     Faith    .   a - +0 robe
rPois    ∞         Spirit   .   f - +2 hat
rElec    .         Reflect  .   (no cloak)
rCorr    .         Harm     .   h - +0 pair of gloves
MR       .....                  (no boots)
Stlth    ++........             (no amulet)
HPRegen  0.08/turn              (no ring)
MPRegen  0.11/turn              (no ring)

@: no status effects
A: no food or potions, fire vulnerability, cold resistance 1, negative energy
resistance 3, torment resistance, unbreathing
a: no special abilities


You were on level 2 of the Dungeon.
You were not hungry.

You visited 1 branch of the dungeon, and saw 2 of its levels.

You collected 116 gold pieces.

Inventory:

Armour
 a - a +0 robe (worn)
 f - a +2 hat (worn)
 h - a +0 pair of gloves (worn)
Wands
 g - a wand of flame (22/48)
Scrolls
 b - a scroll of teleportation {unknown}
 d - a scroll of noise {unknown}
 e - a scroll of enchant armour {unknown}
 i - a scroll of fear {unknown}
Books
 c - a book of Minor Magic

   Spells                             Type                      Level
   a - Magic Dart                     Conjuration                  1
   b - Blink                          Translocation                2
   c - Call Imp                       Summoning                    2
   d - Slow                           Hexes                        2
   e - Conjure Flame                  Conjuration/Fire             3
   f - Mephitic Cloud                 Conjuration/Poison/Air       3


   Skills:
 - Level 1.5 Dodging
 - Level 1.5 Stealth
 + Level 4.8 Spellcasting
 * Level 2.6 Conjurations
   Level 0.7 Summonings
   Level 0.7 Translocations


You had 10 spell levels left.
You knew the following spells:

 Your Spells              Type           Power        Failure   Level  Hunger
a - Magic Dart            Conj           ##..         4%          1    N/A

Dungeon Overview and Level Annotations

Branches:
Dungeon (2/15)

Altars:


Innate Abilities, Weirdness & Mutations

You do not eat or drink.
Your flesh is vulnerable to fire.
You are immune to poison.
Your flesh is cold resistant. (rC+)
You are immune to negative energy. (rN+++)
You are immune to unholy pain and torment.
You can survive without breathing.


Message History

* * * LOW HITPOINT WARNING * * *
You hit the worm but do no damage.
The worm is lightly wounded.
You hit the worm but do no damage.
The worm is lightly wounded.
The worm barely misses you.
You barely miss the worm.
The worm is lightly wounded.
You hit the worm but do no damage.
The worm is lightly wounded.
The worm barely misses you.
You hit the worm.
The worm is lightly wounded.
The worm closely misses you.
You hit the worm.
The worm is lightly wounded.
You hit the worm.
The worm is moderately wounded.
The worm bites you.
You die...

##.##..†....#
#.##.#
#..##.......#
#.##.#
............#
#....#
..###.......#
#.#..# .##
#.......####.#..#
... ...%..%...##(#
.#
............#.##.#
.#
.####.......#..#.#
. .#
#.......##(.@# .#
.# ##w.##..# .#
###.......# ..
#...#.##.##
......######.#####
# #....w.†..#
....####### #


You could see a worm.

Vanquished Creatures
  2 adders (D:2)
  An ooze (D:1)
  An adder zombie (D:1)
  8 bats
  A giant cockroach (D:1)
  A goblin (D:1)
  2 hobgoblins (D:2)
  8 jackals
  2 quokkas (D:2)
  A ball python zombie (D:1)
  4 frilled lizards (D:1)
  4 kobolds
  5 rats
40 creatures vanquished.

Notes
Turn   | Place    | Note
-------+----------+-------------------------------------------
     0 | D:1      | Klosterheim the Mummy Wizard began the quest for the Orb.
     0 | D:1      | Reached XP level 1. HP: 13/13 MP: 5/5
    18 | D:1      | Reached skill level 1 in Conjurations
   248 | D:1      | Reached XP level 2. HP: 17/19 MP: 4/7
  1151 | D:1      | Reached XP level 3. HP: 24/24 MP: 6/8
 26468 | D:2      | Slain by a worm

Vault maps used:
D:1:      saegor_arrival_fortress

Skill      XL: |  1  2 |
---------------+-------+-----
Conjurations   | 1 2 |  2.6
Dodging        | |  1.5
Stealth        | |  1.5
Spellcasting   | |  4.8
Summonings     | |  0.7
Translocations | |  0.7

Action                   || total
-------------------------++-------
Melee: Unarmed           ||    78
 Cast: Magic Dart        ||    97
Armor: Robe              ||    34
Dodge: Dodged            ||    97

Table legend:
 A = Spawn XP
 B = Non-spawn XP
 C = Spawn XP percentage of total XP
 D = Spawn monster count
 E = Non-spawn monster count
 F = Spawn count percentage of total count
 G = Total turns spent on level
                    A         B        C        D         E        F      G
               +---------+---------+-------+---------+---------+-------+---------
         Total |       0 |      95 |   0.0 |       0 |      40 |   0.0 | 26468
               +---------+---------+-------+---------+---------+-------+---------
           D:1 |       0 |      43 |   0.0 |       0 |      24 |   0.0 | 25988
           D:2 |       0 |      52 |   0.0 |       0 |      16 |   0.0 |   480
               +---------+---------+-------+---------+---------+-------+---------
